 Dungeon Crawl Stone Soup version 0.27.1-33-g824d729ab1 (webtiles) character file.

Game seed: 4096332977164379332

71 Garessta the Vexing (level 4, -3/21 HPs)
             Began as a Vampire Enchanter on Dec 6, 2021.
             Was a Follower of Hepliaklqana.
             Slain by a gnoll (5 damage)
             ... on level 2 of the Dungeon.
             The game lasted 00:06:58 (1248 turns).

Garessta the Vexing (Vampire Enchanter)             Turns: 1248, Time: 00:06:59

Health: -3/21      AC:  2    Str:  7    XL:     4   Next: 5%
Magic:  2/7        EV: 12    Int: 17    God:    Hepliaklqana [*.....]
Gold:   48         SH:  0    Dex: 15    Spells: 4/7 levels left

rFire    . . .     SeeInvis +   a - +1 dagger
rCold    + + .     Faith    .   (no shield)
rNeg     + + +     Spirit   .   b - +0 robe
rPois    ∞         Reflect  .   (no helmet)
rElec    .         Harm     .   (no cloak)
rCorr    .         Rampage  .   (no gloves)
Will     .....                  (no boots)
Stlth    +++++.....             (no amulet)
HPRegen  0.00/turn              (no ring)
MPRegen  0.10/turn              (no ring)

@: bloodless, inhibited regen
A: bloodless, reduced essence, fangs 3, see invisible, vampiric 2
a: Bat Form, Revivify, Renounce Religion, Recall Ancestor, Ancestor Identity


You were on level 2 of the Dungeon.
You worshipped Hepliaklqana.
Hepliaklqana was aware of your devotion.
You visited 1 branch of the dungeon, and saw 2 of its levels.

You collected 48 gold pieces.

Inventory:

Hand Weapons
 a - a +1 dagger (weapon)
Armour
 b - a +0 robe (worn)
Scrolls
 d - 2 scrolls of teleportation {unknown}
 f - a scroll of identify {unknown}
Potions
 c - a potion of haste {unknown}
 e - a potion of attraction {unknown}


   Skills:
 - Level 1.1 Short Blades
 - Level 2.1 Dodging
 + Level 5.6 Stealth
 - Level 2.0 Spellcasting
 * Level 6.4 Hexes


You had 4 spell levels left.
You knew the following spells:

 Your Spells              Type           Power      Damage    Failure   Level
a - Corona                Hex            25%        N/A       1%          1
b - Ensorcelled Hibernat  Hex/Ice        24%        N/A       8%          2

Your spell library contained the following spells:

 Spells                   Type           Power      Damage    Failure   Level
 Confusing Touch          Hex            23%        N/A       4%          3
 Tukima's Dance           Hex            23%        N/A       4%          3
 Dazzling Flash           Conj/Hex       24%        N/A       16%         3


Dungeon Overview and Level Annotations

Branches:
Dungeon (2/15)

Altars:
Hepliaklqana

Annotations:
D:2 Natasha


Innate Abilities, Weirdness & Mutations

You do not regenerate when monsters are visible.
You are frail without blood (-20% HP).
You can heal yourself when you bite living creatures.
You are immune to poison.
Your life essence is reduced to manifest your ancestor. (-10% HP)
You have razor-sharp teeth.
You have supernaturally acute eyesight. (SInv)
You are afflicted with vampirism and can become a bat while bloodless.


Message History

You miscast Ensorcelled Hibernation.
You are very lightly contaminated with residual magic.
Nothing appears to happen.
The gnoll hits you from afar with a +0 spear.
Natasha, Servant of Life and Death comes into view.
The gnoll hits you with a +0 club.
You swap places.
Hsekiu hits the gnoll.
The gnoll hits Hsekiu with a +0 club.
Hsekiu hits the gnoll.
Natasha mumbles some strange words.
The gnoll hits Hsekiu with a +0 club!
Hsekiu hits the gnoll.
The gnoll barely misses Hsekiu.
Casting: Ensorcelled Hibernation (safe; 8% risk of failure)
Confirm with . or Enter, or press ? or * to list all spells.
You don't have enough magic to cast this spell.
You barely miss Natasha.
Hsekiu hits the gnoll but does no damage.
Natasha casts a spell.
You hit Natasha.
Natasha is lightly wounded.
The gnoll hits Hsekiu with a +0 club.
Hsekiu is destroyed!
Natasha stares at you and mumbles some strange words.
The magic dart hits you.
* * * LOW HITPOINT WARNING * * *
The gnoll shouts!
You hit Natasha but do no damage.
Natasha is lightly wounded.
You hit Natasha.
Natasha is moderately wounded.
Natasha hisses.
Natasha barely misses you. The crimson imp puffs mist at you.
You barely miss Natasha.
Natasha is lightly wounded.
Natasha claws you but does no damage.
Your magical contamination has completely faded away.
You closely miss Natasha. Your bite misses Natasha.
Natasha is lightly wounded.
Natasha closely misses you. The gnoll hits you with a +0 club.
You die...

#..............
.......##...........#
....... #...........#
.....(. #..........^#
....... #..........†#
....h.. ##+##.....#.#
.......###....###.#.#
...g..gg#########.#.##...
...>...gh.gggg@h55.......
.......g#########.#.##...
.............†....#.#
.........$...........+
..........#.........##
#....#.##.#.#########
.....#. #.#.# .....#.
#.#.# .... #. #.#.#


You could see Natasha, 3 gnolls, a crimson imp (summoned), a white imp
(summoned), a jackal, a hobgoblin and 3 goblins.

Vanquished Creatures
  Natasha (D:2)
  A gnoll (D:1)
  3 dart slugs
  A giant cockroach (D:1)
  4 hobgoblins (D:1)
  4 jackals (D:1)
  2 quokkas (D:1)
  4 ball pythons
  2 bats (D:1)
  2 frilled lizards (D:1)
  2 kobolds (D:1)
  A rat (D:1)
27 creatures vanquished.

Vanquished Creatures (collateral kills)
  An endoplasm (D:1)
  2 goblins (D:1)
  A rat (D:1)
4 creatures vanquished.

Vanquished Creatures (others)
  2 ancestors
2 creatures vanquished.

Grand Total: 33 creatures vanquished

Notes
Turn   | Place    | Note
-------+----------+-------------------------------------------
     0 | D:1      | Garessta the Vampire Enchanter began the quest for the Orb.
     0 | D:1      | Reached XP level 1. HP: 13/13 MP: 3/3
   211 | D:1      | Found a faded altar of an unknown god.
   225 | D:1      | Reached skill level 5 in Hexes
   225 | D:1      | Reached XP level 2. HP: 19/19 MP: 5/5
   283 | D:1      | Learned a level 2 spell: Ensorcelled Hibernation
   297 | D:1      | Reached skill level 5 in Stealth
   361 | D:1      | Became a worshipper of Hepliaklqana the Forgotten
   361 | D:1      | Reached * piety under Hepliaklqana
   396 | D:1      | Gained mutation: You are afflicted with vampirism and can
                  | become a bat while bloodless. [Vampire growth]
   396 | D:1      | Reached XP level 3. HP: 18/21 MP: 0/6
  1159 | D:2      | Noticed Natasha
  1167 | D:2      | Killed Natasha
  1168 | D:2      | Reached skill level 6 in Hexes
  1168 | D:2      | Reached XP level 4. HP: 17/21 MP: 4/7
  1239 | D:2      | Noticed Natasha
  1248 | D:2      | Slain by a gnoll

Illustrated notes

Levels and vault maps discovered:
D:1:      noname_arrival_rooms_in_the_neighbourhood, layout_basic,
          chequers_ecumenical_altar_simple, serial_corexii_hall,
          chequers_hall_statues_y, corexii_hall_statues_u
D:2:      layout_basic, amcnicky_mini_corridor_feature, uniq_robin, uniq_natasha

Skill      XL: |  1  2  3 |
---------------+----------+-----
Hexes          | 5 6 |  6.4
Stealth        | 5 |  5.6
Short Blades   | |  1.1
Dodging        | |  2.1
Spellcasting   | |  2.0

Action                   |  1- 3 |  4- 6 || total
-------------------------+-------+-------++-------
Melee: Dagger            |    81 |     7 ||    88
       Bite              |     4 |       ||     4
 Cast: Ensorcelled Hiber |    12 |     2 ||    14
       Corona            |     1 |       ||     1
 Abil: Exsanguinate      |     1 |       ||     1
 Stab: Sleeping          |    17 |     1 ||    18
Armor: Robe              |     4 |     1 ||     5
Dodge: Dodged            |    53 |     2 ||    55
